 Dungeon Crawl Stone Soup version 0.31-a0-202-g547052bce9 (webtiles) character file.

Game seed: 14989382649047697722

1675 qw the Skirmisher (level 8, -6/41 (46) HPs)
             Began as a Deep Elf Hunter on June 26, 2023.
             Mangled by a wight
             ... wielding a +0 great sword
              (13 damage)
             ... on level 6 of the Dungeon.
             The game lasted 00:02:09 (5207 turns).

qw the Skirmisher (Deep Elf Hunter)                 Turns: 5207, Time: 00:02:09

HP:   -6/41 (46)    AC: 10    Str: 10    XL:     8   Next: 70%
MP:   10/10         EV: 12    Int: 15    God:
Gold: 6             SH:  0    Dex: 18    Spells: 7/7 levels left

rFire   . . .        Y - +0 shortbow
rCold   . . .        (shield currently unavailable)
rNeg    . . .        i - +0 ring mail
rPois   .            m - +0 helmet
rElec   .            k - +2 cloak
rCorr   .            e - +0 pair of gloves
SInv    +            (no boots)
Will    +....        q - amulet of the acrobat
Stlth   +            d - ring of see invisible
HPRegen 0.26/turn    c - ring of willpower
MPRegen 0.12/turn

%: acrobat
@: about to teleport, heavily drained
A: no striking features
a: no special abilities


You were on level 6 of the Dungeon.
You visited 1 branch of the dungeon, and saw 6 of its levels.

You collected 331 gold pieces.
You spent 325 gold pieces at shops.


   Skills:
 - Level 3.2 Fighting
 + Level 13.5 Ranged Weapons
 - Level 2.1 Armour
 - Level 4.1 Dodging
 - Level 1.2 Stealth


You had 7 spell levels left.
You didn't know any spells.
Your spell library was empty.

Inventory:

Hand Weapons
 Y - a +0 shortbow (weapon)
Armour
 e - a +0 pair of gloves (worn)
 i - a +0 ring mail (worn)
 k - a +2 cloak (worn)
 m - a +0 helmet (worn)
Jewellery
 c - a ring of willpower (right hand)
 d - a ring of see invisible (left hand)
 q - an amulet of the acrobat (around neck)
Scrolls
 b - a scroll of teleportation
 l - a scroll of enchant weapon {unknown}
 p - a scroll of enchant armour {unknown}
 t - a scroll of identify
Potions
 a - a potion of attraction {unknown}
 f - a potion of magic {unknown}
 g - a potion of might {unknown}
 h - 2 potions of haste
 j - a potion of brilliance {unknown}
 n - a potion of heal wounds {unknown}
 o - a potion of resistance {unknown}
 r - 4 potions of curing
 s - a potion of mutation

Dungeon Overview and Level Annotations

Branches:
Dungeon (6/15)
 Temple: D:4-7

Altars:
Gozag
Ru
Trog
Xom

Shops:
D:6 ?!*!


Message History

You shoot an arrow. The arrow hits the wight.
The wight is heavily damaged.
A wight comes into view. It is wielding a +0 great sword.
You shoot an arrow.
The arrow hits the wight but does no damage.
You shoot an arrow.
The arrow hits the wight but does no damage.
The wight hits you with a +0 great sword!
You feel drained.
You shoot an arrow. The arrow hits the wight.
The wight is moderately damaged.
The wight closely misses you.
You shoot an arrow. The arrow closely misses the wight.
The wight barely misses you.
You shoot an arrow. The arrow closely misses the wight.
The wight completely misses you. The wight closely misses you.
You shoot an arrow.
The arrow hits the wight but does no damage.
The wight is moderately damaged.
You shoot an arrow. The arrow closely misses the wight.
The wight closely misses you. x2
You shoot an arrow. The arrow hits the wight.
The wight is heavily damaged.
The wight hits you with a +0 great sword.
You feel drained. The wight closely misses you.
You shoot an arrow. The arrow hits the wight.
The wight is almost destroyed.
The wight hits you from afar with a +2 halberd!
You shoot an arrow. The arrow closely misses the wight.
The wight misses you. The wight barely misses you. The wight misses you.
You shoot an arrow. The arrow hits the wight.
The wight is almost destroyed.
The wight hits you with a +0 great sword!
The wight hits you with a +6 falchion.
You feel drained. The wight closely misses you.
5207 ||| READING 2 scrolls of teleportation.
As you read the scroll of teleportation, it crumbles to dust.
You feel strangely unstable.
The wight hits you with a +0 great sword!
You die...

.#......###............#.......##
\................................
##..#.#.###............####.##.##
##......# ###.......#..####.)....
......### #.#..............).#>
###...># #.#....7.######..###.
####.# #.#..7.\.7 #..#... #.#
#.##.##7## #..#.#. #.# #..z@...#
###...... #.#
#####z########.##.#.##
######.#####.....z.........#...#
..........##.###..........))####
###.......# #.............).##
#.#####.##.#.............)..#
#.##.......................##
#.##.##.##.###............##
#.......##...............##


You could see 3 wights.

Vanquished Creatures
  A sky beast (D:6)
  An ogre (D:6)
  2 black bears (D:5)
  3 phantoms
  4 scorpions
  A bullfrog (D:4)
  3 wights (D:6)
  A howler monkey (D:5)
  An orc priest (D:6)
  5 hounds
  2 jellies
  2 iguanas
  Ijyb (D:4)
  2 orc wizards (D:6)
  Robin (D:4)
  10 adders
  2 shadow imps (D:5)
  An ufetubus (D:4)
  2 dart slugs
  11 orcs
  6 ball pythons
  3 endoplasms
  2 giant cockroaches
  20 goblins
  6 hobgoblins
  6 jackals
  6 quokkas
  3 bats
  A frilled lizard (D:1)
  10 kobolds
  3 rats
122 creatures vanquished.

Notes
Turn   | Place    | Note
-------+----------+-------------------------------------------
     0 | D:1      | qw the Deep Elf Hunter began the quest for the Orb.
     0 | D:1      | Reached XP level 1. HP: 12/12 MP: 3/3
     0 | D:1      | 0 ||| qw: Version: 0.3-a-22-g0ed2b0b
     0 | D:1      | 0 ||| qw: Game counter: 5752
     0 | D:1      | 0 ||| qw: Melee chars always use a shield: true
     0 | D:1      | 0 ||| qw: God list: Okawaru
     0 | D:1      | 0 ||| qw: Allow faded altars: false
     0 | D:1      | 0 ||| qw: Do Orc after clearing Dungeon:15 true
     0 | D:1      | 0 ||| qw: Do second Lair branch before Depths: true
     0 | D:1      | 0 ||| qw: Lair rune preference: random
     0 | D:1      | 0 ||| qw: Goals: Normal
     0 | D:1      | 0 ||| PLANNING D:1-11
   189 | D:1      | Reached skill level 6 in Ranged Weapons
   189 | D:1      | Reached XP level 2. HP: 16/16 MP: 4/4
   303 | D:1      | Found a faded altar of an unknown god.
   677 | D:1      | 677 ||| UPGRADING to +0 pair of gloves.
   682 | D:1      | 682 ||| UPGRADING to +0 ring mail.
   692 | D:1      | 692 ||| DROPPING +0 leather armour.
   717 | D:1      | 717 ||| READING scroll labelled TIORAEL TUTH.
   718 | D:1      | 718 ||| READING scroll labelled WOADGH GAUCI.
   719 | D:1      | 719 ||| DROPPING scroll of butterflies.
   846 | D:2      | HP: 1/16 [frozen (4)]
   968 | D:2      | Found an opulent altar of Gozag.
  1248 | D:2      | Reached XP level 3. HP: 20/20 MP: 5/5
  1578 | D:2      | 1578 ||| UPGRADING to +0 cloak.
  1583 | D:2      | 1583 ||| DRINKING 2 fuming purple potions.
  1602 | D:2      | 1602 ||| DROPPING potion of lignification.
  1719 | D:3      | Reached skill level 7 in Ranged Weapons
  1987 | D:3      | Reached XP level 4. HP: 25/25 MP: 6/6
  2171 | D:3      | 2171 ||| UPGRADING to +2 cloak.
  2181 | D:3      | 2181 ||| DROPPING +0 cloak.
  2182 | D:3      | 2182 ||| UPGRADING to ring of see invisible.
  2183 | D:3      | 2183 ||| READING scroll labelled MUECKI PIRU.
  2309 | D:4      | 2309 ||| FLEEEEING.
  2310 | D:4      | 2310 ||| FLEEEEING.
  2441 | D:4      | Found a sacrificial altar of Ru.
  2462 | D:4      | Reached skill level 8 in Ranged Weapons
  2492 | D:4      | Noticed Robin
  2496 | D:4      | Reached XP level 5. HP: 29/29 MP: 7/7
  2520 | D:4      | Killed Robin
  2926 | D:4      | Reached skill level 9 in Ranged Weapons
  2971 | D:4      | Noticed Ijyb
  2975 | D:4      | 2975 ||| DRINKING potion of curing.
  2975 | D:4      | 2975 ||| (to cure confusion)
  2997 | D:4      | Killed Ijyb
  2998 | D:4      | Reached XP level 6. HP: 24/35 MP: 8/8
  3256 | D:4      | 3256 ||| UPGRADING to +0 helmet.
  3261 | D:4      | 3261 ||| READING scroll labelled UDAWI CINEOLE.
  3262 | D:4      | 3262 ||| READING 2 scrolls labelled ZICIEMADIE.
  3263 | D:4      | 3263 ||| READING scroll labelled HEIPRU LUQINNU.
  3263 | D:4      | Identified a scroll of acquirement
  3263 | D:4      | 3263 ||| ACQUIRING ring of willpower
  3263 | D:4      | Acquired a ring of willpower
  3265 | D:4      | 3265 ||| UPGRADING to ring of willpower.
  3266 | D:4      | 3266 ||| DROPPING scroll of noise.
  3274 | D:5      | Entered Level 5 of the Dungeon
  3400 | D:5      | Reached XP level 7. HP: 29/40 MP: 9/9
  3477 | D:5      | Reached skill level 10 in Ranged Weapons
  3544 | D:5      | Reached skill level 3 in Dodging
  3544 | D:5      | HP: 10/40 [poisoned by a scorpion]
  3549 | D:5      | HP: 6/40 [poisoned by a scorpion]
  3819 | D:5      | Reached skill level 11 in Ranged Weapons
  4215 | D:5      | Found a shimmering altar of Xom.
  4219 | D:5      | Reached XP level 8. HP: 45/45 MP: 10/10
  4324 | D:5      | 4324 ||| DROPPING amulet of magic regeneration.
  4325 | D:5      | 4325 ||| UPGRADING to amulet of the acrobat.
  4330 | D:5      | 4330 ||| READING scroll labelled FOMIEVV ICUTE.
  4332 | D:5      | 4332 ||| Stepping ~*~*~tactically~*~*~ (cloud).
  4446 | D:6      | Reached skill level 12 in Ranged Weapons
  4446 | D:6      | 4446 ||| STAIRDANCE
  4489 | D:6      | Reached skill level 3 in Fighting
  4674 | D:6      | Found Zeohomuneve's Distillery.
  4678 | D:6      | 4678 ||| BUYING potion of curing (33 gold).
  4678 | D:6      | Bought a potion of curing for 33 gold pieces
  4678 | D:6      | 4678 ||| BUYING potion of curing (33 gold).
  4678 | D:6      | Bought a potion of curing for 33 gold pieces
  4678 | D:6      | 4678 ||| BUYING potion of haste (110 gold).
  4678 | D:6      | Bought a potion of haste for 110 gold pieces
  4678 | D:6      | 4678 ||| BUYING potion of mutation (88 gold).
  4678 | D:6      | Bought a potion of mutation for 88 gold pieces
  4678 | D:6      | 4678 ||| SHOPLISTING potion of mutation (88 gold, have 42).
  4778 | D:6      | 4778 ||| FLEEEEING.
  4779 | D:6      | 4779 ||| FLEEEEING.
  4780 | D:6      | 4780 ||| FLEEEEING.
  4781 | D:6      | 4781 ||| FLEEEEING.
  4782 | D:6      | 4782 ||| FLEEEEING.
  4786 | D:6      | 4786 ||| FLEEEEING.
  4787 | D:6      | 4787 ||| FLEEEEING.
  4795 | D:6      | Reached skill level 13 in Ranged Weapons
  4991 | D:6      | Found Rugugg's Distillery.
  5000 | D:6      | 5000 ||| SHOPLISTING 2 potions of heal wounds (130 gold,
                  | have 67).
  5000 | D:6      | 5000 ||| SHOPLISTING potion of cancellation (104 gold, have
                  | 67).
  5000 | D:6      | 5000 ||| BUYING potion of curing (39 gold).
  5000 | D:6      | Bought a potion of curing for 39 gold pieces
  5000 | D:6      | 5000 ||| SHOPLISTING potion of heal wounds (65 gold, have
                  | 28).
  5000 | D:6      | 5000 ||| SHOPLISTING potion of mutation (104 gold, have
                  | 28).
  5008 | D:6      | Found a bloodstained altar of Trog.
  5038 | D:6      | Found Acazami's Magic Scroll Shoppe.
  5041 | D:6      | 5041 ||| SHOPLISTING scroll of enchant weapon (82 gold,
                  | have 28).
  5041 | D:6      | 5041 ||| BUYING scroll of identify (22 gold).
  5041 | D:6      | Bought a scroll of identify for 22 gold pieces
  5041 | D:6      | 5041 ||| SHOPLISTING scroll of teleportation (33 gold, have
                  | 6).
  5180 | D:6      | Found Sujalido's Assorted Antiques.
  5189 | D:6      | 5189 ||| SHOPLISTING 2 potions of haste (380 gold, have 6).
  5189 | D:6      | 5189 ||| SHOPLISTING dyed leather armour (95 gold, have 6).
  5189 | D:6      | 5189 ||| SHOPLISTING orcbow (66 gold, have 6).
  5189 | D:6      | 5189 ||| SHOPLISTING scroll labelled FAYXOH SIWAOHY (19
                  | gold, have 6).
  5189 | D:6      | 5189 ||| SHOPLISTING scroll labelled JITSIU KOALEIN (19
                  | gold, have 6).
  5189 | D:6      | 5189 ||| SHOPLISTING scroll of identify (38 gold, have 6).
  5189 | D:6      | 5189 ||| SHOPLISTING scroll of teleportation (57 gold, have
                  | 6).
  5206 | D:6      | HP: 7/42 [wight/+6 falchion (5)]
  5207 | D:6      | 5207 ||| READING 2 scrolls of teleportation.
  5207 | D:6      | Mangled by a wight

Levels and vault maps discovered:
D:1:      sevenhm_arrival_forest_fort_small_6, layout_basic,
          ebering_ecumenical_altar_rust
D:2:      layout_basic, basic_altar
D:3:      layout_basic
D:4:      kennysheep_the_goblin_king, layout_basic,
          nicolae_ru_the_path_less_chosen, uniq_ijyb, uniq_robin
D:5:      layout_loops_cross, lemuel_round_altar, grunt_ministairs_9
D:6:      layout_loops_cross, lemuel_doored_altar, serial_shops,
          nicolae_shop_trees, shop, nicolae_shop_rolled_up, shop, minivault_23

Skill      XL: |  1  2  3  4  5  6  7  8 |
---------------+-------------------------+-----
Ranged Weapons | 6 7 8 9 11 13 | 13.5
Fighting       | 2 3 |  3.2
Armour         | 2 |  2.1
Dodging        | 3 4 |  4.1
Stealth        | |  1.2

Action                     |  1- 3 |  4- 6 |  7- 9 || total
---------------------------+-------+-------+-------++-------
   Fire: Shortbow          |    88 |   201 |   263 ||   552
    Use: Scroll            |     2 |     4 |     2 ||     8
         Potion            |     1 |     1 |       ||     2
 Armour: Ring mail         |    10 |    91 |    68 ||   169
  Dodge: Dodged            |    13 |   107 |    79 ||   199

Table legend:
 A = Non-vault XP
 B = Vault XP
 C = Vault XP percentage of total XP
 D = Non-vault monster count
 E = Vault monster count
 F = Vault count percentage of total count
                 A         B        C        D         E       F
            +---------+---------+-------+---------+---------+-------
      Total |    2223 |     171 |   7.1 |     101 |      21 |  17.2
            +---------+---------+-------+---------+---------+-------
        D:1 |      25 |       0 |   0.0 |      16 |       0 |   0.0
        D:2 |      24 |       0 |   0.0 |       7 |       0 |   0.0
        D:3 |      63 |       0 |   0.0 |      17 |       0 |   0.0
        D:4 |     291 |      86 |  22.8 |      17 |      19 |  52.8
        D:5 |     912 |      85 |   8.5 |      23 |       2 |   8.0
        D:6 |     908 |       0 |   0.0 |      21 |       0 |   0.0
            +---------+---------+-------+---------+---------+-------
